 Dungeon Crawl Stone Soup version 0.23.2-40-g277498a001 (webtiles) character file.

Game seed: 2749604108276493090

49 DildoBatman the Magician (level 4, -9/30 HPs)
             Began as a Formicid Wizard on Sept 5, 2019.
             Mangled by a worm (11 damage)
             ... on level 2 of the Dungeon.
             The game lasted 00:03:10 (1677 turns).

DildoBatman the Magician (Formicid Wizard)          Turns: 1677, Time: 00:03:10

Health: -9/30      AC:  2    Str: 12    XL:     4   Next: 1%
Magic:  8/8        EV: 12    Int: 18    God:
Gold:   66         SH:  0    Dex:  9    Spells: 2/9 levels left

rFire    . . .     SeeInvis +   o - +0 short sword
rCold    . . .     Gourm    .   (no shield)
rNeg     . . .     Faith    .   h - +0 robe
rPois    .         Spirit   .   (helmet unavailable)
rElec    .         Reflect  .   (no cloak)
rCorr    .         Harm     .   (no gloves)
MR       .....                  (no boots)
Stlth    ++........             (no amulet)
HPRegen  0.10/turn              (no ring)
MPRegen  0.11/turn              (no ring)

@: no status effects
A: permanent stasis, dig shafts and tunnels, four strong arms, antennae 3
a: Dig, Shaft Self


You were on level 2 of the Dungeon.
You were not hungry.

You visited 1 branch of the dungeon, and saw 2 of its levels.

You collected 66 gold pieces.

Inventory:

Hand Weapons
 a - a +1 vampiric short sword
 o - a +0 short sword (weapon)
Missiles
 f - 47 arrows
 k - 23 stones (quivered)
Armour
 h - a +0 robe (worn)
Scrolls
 b - 2 scrolls of noise {unknown}
 c - 2 scrolls of remove curse {unknown}
 g - a scroll of teleportation {unknown}
 j - a scroll of enchant weapon {unknown}
 l - 2 scrolls of enchant armour {unknown}
 n - a scroll of blinking {unknown}
 p - a scroll of fear {unknown}
Potions
 d - a potion of haste {unknown}
 e - 3 potions of heal wounds {unknown}
 m - a potion of curing {unknown}
 q - a potion of mutation {unknown}
Comestibles
 i - 4 chunks of flesh
 v - 3 rations


   Skills:
 - Level 1.7 Dodging
 - Level 2.4 Stealth
 - Level 3.2 Spellcasting
 * Level 3.2 Conjurations
   Level 1.0 Summonings
   Level 0.8 Translocations


You had 2 spell levels left.
You knew the following spells:

 Your Spells              Type           Power        Failure   Level  Hunger
a - Conjure Flame         Conj/Fire      #.......     24%         3    ###....
c - Magic Dart            Conj           ##..         4%          1    None
e - Mephitic Cloud        Conj/Pois/Air  #.......     30%         3    ###....

Your spell library contained the following spells:

 Spells                   Type           Power        Failure   Level  Hunger
 Call Imp                 Summ           #.......     16%         2    ##.....
 Slow                     Hex            #.......     24%         2    ##.....
 Blink                    Tloc           Unusable     N/A         2    N/A

Dungeon Overview and Level Annotations

Branches:
Dungeon (2/15)

Altars:
Fedhas

Annotations:
D:2 exclusion: skeleton


Innate Abilities, Weirdness & Mutations

You cannot be hasted, slowed, berserked, paralysed or teleported.
You can dig through walls and to a lower floor.
Your four strong arms can wield two-handed weapons with a shield.
You have a pair of large antennae on your head. (SInv)


Message History

g - Guard the area. f - Follow me.
Anything else - Cancel.
You shout for attention!
What are your orders? t - Shout!
Orders for allies: a - Attack new target. r - Retreat! s - Stop attacking. g - Guard the area. f - Follow me.
Anything else - Cancel.
You shout for attention!
The worm bites you. What are your orders? t - Shout!
Orders for allies: a - Attack new target. r - Retreat! s - Stop attacking. g - Guard the area. f - Follow me.
Anything else - Cancel.
You shout for attention!
The worm bites you!
You die...

######.#.#.#.##. .# #.##....
.....##..#..###. .# #.##....
###.####.#.## .##.# #รท##....
###.# ##...# w. .## #.##....
....# #...## ## ....## ##.##....
#..####.### #.#..####........
#<......#########.##<...#....###.
#.#####........##w...##......#
#.# ########..@............# ..#
###.............# ..#
#.............# .##
#.............# ##
#.............# .#
#.........##### .# ########### .#
##


You could see a worm.

Vanquished Creatures
  2 adders (D:2)
  6 bats (D:1)
  A giant cockroach (D:2)
  5 goblins
  4 hobgoblins
  A jackal (D:1)
  3 frilled lizards (D:1)
  4 kobolds (D:1)
  2 rats
28 creatures vanquished.

Notes
Turn   | Place    | Note
-------+----------+-------------------------------------------
     0 | D:1      | DildoBatman the Formicid Wizard began the quest for the
                  | Orb.
     0 | D:1      | Reached XP level 1. HP: 13/13 MP: 4/4
    55 | D:1      | Reached skill level 1 in Conjurations
   397 | D:1      | Reached XP level 2. HP: 19/19 MP: 3/6
   852 | D:1      | Reached XP level 3. HP: 24/24 MP: 5/7
   857 | D:1      | Learned a level 3 spell: Conjure Flame
   861 | D:1      | Learned a level 3 spell: Mephitic Cloud
  1541 | D:2      | Found a blossoming altar of Fedhas.
  1643 | D:2      | Reached XP level 4. HP: 30/30 MP: 4/8
  1677 | D:2      | Mangled by a worm

Skill      XL: |  1  2  3 |
---------------+----------+-----
Conjurations   | 1 2 3 |  3.2
Dodging        | |  1.7
Stealth        | |  2.4
Spellcasting   | |  3.2
Summonings     | |  1.0
Translocations | |  0.8

Action                   |  1- 3 |  4- 6 || total
-------------------------+-------+-------++-------
Melee: Unarmed           |     8 |       ||     8
       Club              |     2 |       ||     2
 Cast: Magic Dart        |    62 |     1 ||    63
  Eat: Chunk             |     2 |       ||     2
Armor: Robe              |     4 |     1 ||     5
Dodge: Dodged            |    20 |     4 ||    24
